 Dungeon Sprint DCSS version 0.31-a0-640-g39d97e502b (webtiles) character file.

Game seed: 18145576993013166326

1703 sircluck the Grappler (level 8, -4/93 HPs)
             Began as a Troll Berserker on Aug 28, 2023.
             Was a High Priest of Trog.
             Slain by an orc warrior
             ... wielding a +1 glaive of protection
              (19 damage)
             ... in the Dungeon (Sprint VII: "The Pits").
             The game lasted 00:02:43 (406 turns).

sircluck the Grappler (Troll Berserker)              Turns: 406, Time: 00:02:44

Health: -4/93      AC:  4    Str: 28    XL:     8   Next: 73%
Magic:  7/7        EV: 12    Int:  3    God:    Trog [*****.]
Gold:   0          SH:  0    Dex:  9    Spells: 7/7 levels left

rFire   . .          .
                       - Unarmed
rCold   . . .        (no shield)
rNeg    . . .        a - +0 animal skin
rPois   .            (helmet restricted)
rElec   .            (no cloak)
rCorr   .            (gloves unavailable)
SInv    .            (boots unavailable)
Will    .....        (no amulet)
Stlth   +            (no ring)
HPRegen 1.15/turn    (no ring)
MPRegen 0.10/turn

%: no teleportation
@: no status effects
A: large, unfitting armour, claws 3, regeneration 1, shaggy fur 1, tough skin 1
a: Renounce Religion, Berserk, Trog's Hand, Brothers in Arms


You were in the Dungeon.
You worshipped Trog.
Trog was extremely pleased with you.
You visited 1 branch

Inventory:

Hand Weapons
 h - a +0 hand axe of freezing
 i - a +2 hand axe
Armour
 a - a +0 animal skin (worn)
Jewellery
 m - a +3 ring of protection
 n - a +3 ring of evasion
Scrolls
 k - 2 scrolls of vulnerability
 l - a scroll of summoning
Potions
 b - 9 potions of curing
 c - 6 potions of heal wounds
 d - 3 potions of haste
 e - 4 potions of magic
 f - 3 potions of berserk rage
 j - 2 potions of invisibility
 o - a potion of might


   Skills:
 + Level 10.1 Fighting
 + Level 9.9 Dodging
 + Level 11.7 Unarmed Combat


You had 7 spell levels left.
You didn't know any spells.
Your spell library was empty.

Dungeon Overview and Level Annotations

Branches:
Dungeon (1/1)

Altars:
Ashenzari
Cheibriados
Dithmenos
Elyvilon
Fedhas
Gozag
Hepliaklqana
Kikubaaqudgha
Makhleb
Nemelex Xobeh
Okawaru
Qazlal
Ru
Sif Muna
Trog
Uskayaw
Vehumet
Wu Jian
Xom
Yredelemnul
Zin
The Shining One
Jiyva
Lugonu


Innate Abilities, Weirdness & Mutations

You are too large for most types of armour.
You have claws for hands.
Your natural rate of healing is unusually fast.
You are covered in fur. (AC +1)
You have tough skin. (AC +1)


Message History

You claw the steam dragon! You claw the steam dragon.
You kill the steam dragon!
Trog accepts your kill.
The orc warrior shoots an arrow.
The arrow hits you.
Your Fighting skill increases to level 10!
You miss something. You claw something! Trog accepts your kill.
Trog appreciates your killing of a magic user.
Reactivating autopickup.
You feel a bit more experienced.
The orc warrior shoots an arrow.
The arrow closely misses you.
You claw the orc!
You kill the orc!
Trog accepts your kill.
The orc warrior shoots an arrow.
The arrow hits you!
You closely miss the orc priest.
The orc priest is severely wounded.
The orc priest barely misses you.
The orc warrior shoots an arrow.
The arrow hits you.
You closely miss the orc priest.
The orc priest is severely wounded.
The orc priest hits you but does no damage.
You scratch the orc priest.
You kill the orc priest!
Trog accepts your kill.
The orc warrior shoots an arrow.
The arrow completely misses you.
The orc warrior unwields a +0 orcbow.
The orc warrior wields a +1 glaive of protection.
The orc warrior hits you with a +1 glaive of protection!!
* * * LOW HITPOINT WARNING * * *
Things that are here:
a +0 dagger; a +0 robe; an orc corpse You scratch the orc warrior.
The orc warrior is lightly wounded.
The orc warrior hits you with a +1 glaive of protection!
* * * LOW HITPOINT WARNING * * *
You scratch the orc warrior.
The orc warrior is moderately wounded.
The orc warrior hits you with a +1 glaive of protection!!
You die...

########### _________.#
_________.#
_______...###########++######
#########'##................#
.?(.')))'.##....@.#..#......#
#########.##...))o..........+
...........'................+
†#####)#####......#..#......#
.#..#.....##................#
†#).#####÷#####'#####''######
.#))#.....##.......##)'#
.#))#.....##.......##...o..#
†#[[###'####.......##....###


You could see an orc warrior.

Vanquished Creatures
  A kobold demonologist (D)
  A red devil (D)
  A yak (D)
  A steam dragon (D)
  A warg (D)
  Edmund (D)
  Pargi (D)
  A bullfrog (D)
  A gnoll bouda (D)
  An orc priest (D)
  Jessica (D)
  An orc wizard (D)
  3 gnolls (D)
  An adder (D)
  A river rat (D)
  2 orcs (D)
  A bat (D)
  A goblin (D)
  9 jackals (D)
  A quokka (D)
  A ball python skeleton (D)
  A quokka zombie (D)
33 creatures vanquished.

Vanquished Creatures (collateral kills)
  3 yaks (D)
3 creatures vanquished.

Vanquished Creatures (others)
  An orc (D)
1 creature vanquished.

Grand Total: 37 creatures vanquished

Notes
Turn   | Place    | Note
-------+----------+-------------------------------------------
     0 | D        | sircluck the Troll Berserker began the quest for the Orb.
     0 | D        | Reached XP level 1. HP: 22/22 MP: 0/0
    48 | D        | Reached ** piety under Trog
    55 | D        | Reached skill level 4 in Unarmed Combat
    55 | D        | Reached XP level 2. HP: 31/31 MP: 1/1
    60 | D        | Noticed Pargi
    66 | D        | Reached *** piety under Trog
    73 | D        | Killed Pargi
    74 | D        | Reached skill level 5 in Fighting
    74 | D        | Reached skill level 5 in Dodging
    74 | D        | Reached skill level 6 in Unarmed Combat
    74 | D        | Reached XP level 3. HP: 17/42 MP: 2/2
    74 | D        | Reached XP level 4. HP: 20/50 MP: 3/3
    84 | D        | Reached **** piety under Trog
   149 | D        | Found a bloodstained altar of Trog.
   149 | D        | Found a shimmering blue altar of Sif Muna.
   149 | D        | Found a viscous altar of Jiyva.
   149 | D        | Found a hazy altar of Hepliaklqana.
   149 | D        | Found an opulent altar of Gozag.
   150 | D        | Found a glowing golden altar of the Shining One.
   150 | D        | Found a glowing silver altar of Zin.
   150 | D        | Found a basalt altar of Yredelemnul.
   150 | D        | Found a shimmering altar of Xom.
   150 | D        | Found an ornate altar of the Wu Jian Council.
   150 | D        | Found a sacrificial altar of Ru.
   150 | D        | Found a stormy altar of Qazlal.
   150 | D        | Found an iron altar of Okawaru.
   150 | D        | Found a sparkling altar of Nemelex Xobeh.
   150 | D        | Found a burning altar of Makhleb.
   150 | D        | Found a blossoming altar of Fedhas.
   150 | D        | Found a white marble altar of Elyvilon.
   150 | D        | Found a shadowy altar of Dithmenos.
   150 | D        | Found a snail-covered altar of Cheibriados.
   151 | D        | Found a radiant altar of Vehumet.
   151 | D        | Found a corrupted altar of Lugonu.
   152 | D        | Found a hide-covered altar of Uskayaw.
   152 | D        | Found an ancient bone altar of Kikubaaqudgha.
   152 | D        | Found a broken altar of Ashenzari.
   177 | D        | Noticed a bullfrog
   179 | D        | Noticed a warg
   191 | D        | Killed a bullfrog
   192 | D        | Reached skill level 7 in Unarmed Combat
   192 | D        | Reached XP level 5. HP: 58/59 MP: 4/4
   201 | D        | Noticed Edmund
   204 | D        | Killed a warg
   204 | D        | Reached ***** piety under Trog
   205 | D        | Reached skill level 8 in Unarmed Combat
   205 | D        | Reached XP level 6. HP: 39/68 MP: 5/5
   210 | D        | Killed Edmund
   244 | D        | Noticed Jessica
   245 | D        | Killed Jessica
   248 | D        | Noticed a kobold demonologist
   253 | D        | Noticed a red devil
   255 | D        | Killed a kobold demonologist
   256 | D        | Reached skill level 9 in Unarmed Combat
   256 | D        | Reached XP level 7. HP: 78/81 MP: 6/6
   266 | D        | Reached skill level 10 in Unarmed Combat
   268 | D        | Received a gift from Trog
   274 | D        | Noticed a red devil
   274 | D        | Noticed a yak
   274 | D        | Noticed a yak
   274 | D        | Noticed a yak
   275 | D        | Noticed a yak
   277 | D        | Killed a yak
   281 | D        | Killed a yak
   282 | D        | Reached XP level 8. HP: 92/92 MP: 7/7
   287 | D        | Killed a red devil
   288 | D        | Reached skill level 11 in Unarmed Combat
   399 | D        | Reached skill level 10 in Fighting
   406 | D        | Slain by an orc warrior

Illustrated notes

Levels and vault maps discovered:
D:        pitsprint [storerooms_1, entrance_room_1, metal_vault_6, armoury_2,
          mini_pit_1, grid_room_1, main_hall_1, silver_pit, the_coven_1,
          the_vestibule_1, steel_vault_4, golden_pit, hallway_of_sentries,
          crystal_vault_1, iron_vault_2, final_vault]

Skill      XL: |  1  2  3  4  5  6  7  8 |
---------------+-------------------------+-----
Fighting       | 3 5 6 8 9 10 | 10.1
Dodging        | 3 5 6 8 9 |  9.9
Unarmed Combat | 4 6 7 8 9 10 11 | 11.7

Action                     |  1- 3 |  4- 6 |  7- 9 || total
---------------------------+-------+-------+-------++-------
  Melee: Unarmed           |    24 |    43 |    31 ||    98
         Punch             |       |       |     2 ||     2
 Invoke: Brothers in Arms  |       |       |     2 ||     2
         Berserk           |       |       |     1 ||     1
    Use: Potion            |       |       |     2 ||     2
         Scroll            |       |       |     1 ||     1
 Armour: Animal skin       |    21 |    19 |     8 ||    48
  Dodge: Dodged            |    24 |    24 |    22 ||    70

Table legend: (Time is in decaauts)
 A = Elapsed time spent in this place.
 B = Non-inter-level travel time spent in this place.
 C = Inter-level travel time spent in this place.
 D = Time resting spent in this place.
 E = Time spent auto-exploring this place.
 F = Levels seen in this place.
 G = Mean time per level.
                   A        B        C        D        E       F      G
               +--------+--------+--------+--------+--------+-----+--------+
         Total |    405 |    405 |      0 |      0 |    114 |   1 |  405.0 |
       Dungeon |    405 |    405 |      0 |      0 |    114 |   1 |  405.0 |
               +--------+--------+--------+--------+--------+-----+--------+

Top non-repeatable levels by time:
       D: 405 daAuts
